cohdb
Replays
Latest Replays
All Replays
Popular Replays
Top Player Replays
Match Explorer
How It Works
Community
CoH3 Stats
Reddit
Sign in to upload your games and track your stats! →
Sign in with Steam
Match 23357120
Unlisted
Match 23357120
Overview
Messages
Build Orders
End
Construct Section Command Post
Infantry Section
Infantry Section
Dingo Light Scout Car
Selects Air and Sea Battlegroup
Construct Platoon Command Post
Selects Commando Section Paradrop
Commando Section Paradrop
CMP 15cwt Truck
Commando Section Paradrop
Construct Company Command Post
Matilda II Heavy Tank
Selects M1 Pack Howitzer Paradrop
Selects Incendiary Bombing Run
Incendiary Bombing Run
Foot Guards Section
Incendiary Bombing Run
6-pounder Anti-tank Gun Team
Matilda II Heavy Tank
Matilda II Heavy Tank
Selects Naval Blockade
Selects Centaur Medium Tank
Selects Naval Bombardment
Naval Bombardment
Foot Guards Section
Foot Guards Section
Infantry Training
Naval Bombardment
Foot Guards Section
Naval Bombardment
Unlock M3 Grant Medium Tanks
Vickers Machine Gun Team
CMP 15cwt Truck
Naval Bombardment
SneaKerz
gb_gbg
Salchichón
Ciyager
0
0
Comments
sign in to comment!
No comments posted yet!